 Dungeon Crawl Stone Soup version 0.21-a0-186-g02e8684 (webtiles) character file.

6421 Lavandula the Basher (level 11, 0/80 HPs)
             Began as a Formicid Artificer on Aug 13, 2017.
             Was a Priest of Hepliaklqana.
             Slain by an orc warrior
             ... wielding a +1 war axe of chopping
              (2 damage)
             ... on level 12 of the Dungeon.
             The game lasted 00:31:58 (5955 turns).

Lavandula the Basher (Formicid Artificer)           Turns: 5955, Time: 00:31:58

Health: 0/80       AC:  2    Str: 23    XL:     11   Next: 18%
Magic:  10/10      EV: 16    Int: 11    God:    Hepliaklqana [***...]
Gold:   340        SH:  0    Dex: 14    Spells: 10/10 levels left

rFire    . . .     SeeInvis +   Y - +3 battleaxe
rCold    . . .     Gourm    .   (no shield)
rNeg     . . .     Faith    +   M - -2 robe (curse)
rPois    .         Spirit   .   (helmet unavailable)
rElec    .         Reflect  .   W - scarf {repulsion}
rCorr    .         Harm     .   t - +1 pair of gloves
MR       +....                  y - +0 pair of boots of Miracles {Str+6}
Stlth    ++........             w - amulet of faith
HPRegen  0.23/turn              k - ring of flight
MPRegen  0.12/turn              Q - ring of teleportation (curse)

@: drained, repel missiles
A: permanent stasis, dig shafts and tunnels, four strong arms, reduced essence,
antennae 3, talons 1, blurry vision 1, deformed body, low mp 2, wild magic 1
a: Dig, Shaft Self, Recall Ancestor, Ancestor Identity, Transference, Renounce
Religion, Evoke Flight


You were on level 12 of the Dungeon.
You worshipped Hepliaklqana.
Hepliaklqana was most pleased with you.
You were hungry.

You visited 3 branches of the dungeon, and saw 14 of its levels.

You collected 340 gold pieces.

Inventory:

Hand Weapons
 a - a +0 short sword
 l - a +5 flail of crushing
 p - a +0 dagger of freezing
 q - a +4 dagger
 r - a cursed -3 dagger
 v - a +0 hand axe
 G - a +2 war axe
 S - a +0 dire flail
 Y - a +3 battleaxe (weapon)
Missiles
 j - 6 tomahawks (quivered)
 K - a throwing net
Armour
 b - a +0 leather armour
 m - a +0 large shield
 t - a +1 pair of gloves (worn)
 y - the +0 pair of boots of Miracles (worn) {Str+6}
   (You found it on level 9 of the Dungeon)

   It affects your strength (+6).
 F - a +0 cloak
 M - a cursed -2 robe (worn)
 W - a scarf of repulsion (worn)
Magical Staves
 n - an uncursed staff of poison
Jewellery
 k - a ring of flight (left hand)
 w - an amulet of faith (around neck)
 O - a cursed amulet of inaccuracy {unknown}
 Q - a cursed ring of teleportation (right hand)
Wands
 c - a wand of flame (5/48)
 d - a wand of enslavement (4/24)
 e - a wand of random effects (13/48)
 x - a wand of confusion (40/48)
 I - a wand of flame (25/48)
 U - a wand of iceblast (6/15)
Scrolls
 h - 2 scrolls of immolation
 o - 3 scrolls of amnesia
 s - 3 scrolls of magic mapping
 u - a scroll of recharging
 H - a scroll of silence
 N - a scroll of vulnerability {unknown}
 P - a scroll of fog {unknown}
Potions
 g - 3 potions of flight
 i - a potion of agility {unknown}
 A - 3 potions of brilliance
 B - 2 potions of invisibility
 D - 3 potions of cancellation
 J - a potion of might {unknown}
 L - 6 potions of curing
 T - 3 potions of ambrosia {unknown}
 V - a potion of berserk rage {unknown}
 Z - a potion of magic {unknown}
Books
 R - a book of Conjurations

   Spells                             Type                      Level
   a - Magic Dart                     Conjuration                  1
   b - Searing Ray                    Conjuration                  2
   c - Dazzling Spray                 Conjuration/Hexes            3
   d - Fulminant Prism                Conjuration/Hexes            4
   e - Force Lance                    Conjuration/Translocation    4
   f - Iskenderun's Mystic Blast      Conjuration                  4
Miscellaneous
 X - a sack of spiders
Comestibles
 f - 6 bread rations
 z - 2 fruits
 C - a royal jelly
 E - 2 meat rations


   Skills:
 - Level 9.4 Fighting
 - Level 3.5(3.4) Short Blades
 + Level 1.1(7.0) Axes
 - Level 10.9 Maces & Flails
 - Level 7.0 Dodging
 - Level 1.2 Stealth
 - Level 3.3 Evocations


You had 10 spell levels left.
You didn't know any spells.

Dungeon Overview and Level Annotations

Branches:
Dungeon (12/15)            Temple (1/1) D:6            Lair (0/6) D:11
    Orc (1/2) D:11

Altars:
Elyvilon
Gozag
Hepliaklqana
Kikubaaqudgha
Makhleb
Nemelex Xobeh
Sif Muna
Uskayaw
Zin
The Shining One

Shops:
D:6 [

Annotations:
D:4 Blork the orc


Innate Abilities, Weirdness & Mutations

You cannot be hasted, slowed, berserked, paralysed or teleported.
You can dig through walls and to a lower floor.
Your four strong arms can wield two-handed weapons with a shield.
You have a pair of large antennae on your head. (SInv)
Your life essence is reduced to manifest your ancestor. (-10% HP)
You have sharp toenails.
Scrolls take you a little longer to read.
Armour fits poorly on your strangely shaped body.
Your magical capacity is very low. (-20% MP)
Your spells are a little harder to cast, but a little more powerful.


Message History

The orc warrior hits you with a war axe of chopping!
The orc warrior barely misses you.
You slash the orc warrior!
The orc warrior is almost dead.
The orc warrior completely misses you.
You hit the orc warrior but do no damage.
The orc warrior is almost dead.
The orc warrior hits you with a war axe of chopping!!
* * * LOW HITPOINT WARNING * * *
x2 Unknown command.
Evoke which item? (* to show all) (? for menu, Esc to quit)
Aiming: Throw Flame
Press: ? - help, Shift-Dir - straight line, f - orc warrior
Aim: an orc warrior, wielding a war axe of chopping and wearing a plate armour (almost dead)
The puff of flame misses the orc warrior.
This wand has 5 charges left.
You hear a distant slurping noise.
The orc warrior hits you with a war axe of chopping!
* * * LOW HITPOINT WARNING * * *
You die...

{ ### # #@#
#.#o# #..<#
......)..).....
#?#.#...#.###.#
# #)#.#.# #.#.#
# #.#.. #.###


You could see an orc warrior.

Vanquished Creatures
  An ugly thing (D:11)
  2 yaks (D:9)
  2 ice beasts
  A hornet zombie (D:10)
  3 sky beasts
  2 orc warriors
  A necrophage (D:8)
  2 phantoms (D:7)
  An ogre (D:5)
  A centaur (D:10)
  2 big kobolds
  A gnoll sergeant (D:9)
  4 bullfrogs
  A water moccasin zombie (D:6)
  2 killer bees (D:11)
  6 wights
  A howler monkey (D:6)
  4 crimson imps
  A centaur zombie (D:7)
  4 orc wizards
  3 orc priests
  A bullfrog skeleton (D:5)
  2 iguanas
  5 worker ants
  A hound zombie (D:7)
  A hound skeleton (D:5)
  3 gnolls (D:9)
  9 adders
  A shadow imp (D:6)
  2 oozes
  An adder zombie (D:5)
  A worm (D:2)
  A dart slug (D:1)
  3 leopard geckos
  15 orcs
  A giant cockroach (D:5)
  11 goblins
  6 hobgoblins
  5 jackals
  A quokka (D:8)
  A bat (D:1)
  2 frilled lizards
  A jackal skeleton (D:4)
  8 kobolds
  A quokka skeleton (D:8)
  A rat (D:2)
129 creatures vanquished.

Vanquished Creatures (collateral kills)
  A two-headed ogre (D:11)
  A gargoyle (D:11)
  3 yaks (D:9)
  A hungry ghost (D:8)
  An ice beast (D:8)
  A phantom (D:8)
  A centaur (D:8)
  An ogre (D:10)
  An eye of draining (D:11)
  A necrophage (D:8)
  A crocodile (D:9)
  3 bullfrogs
  A wyvern zombie (D:11)
  5 killer bees (D:11)
  5 wights
  A crimson imp (D:7)
  A bullfrog skeleton (D:12)
  4 orc wizards
  A worker ant (D:7)
  Robin (D:2)
  7 orcs
  A goblin (D:2)
  A hobgoblin (D:2)
  3 kobolds
47 creatures vanquished.

Vanquished Creatures (others)
  A centaur (D:8)
  An ancestor (D:8)
  2 battlemagi
  An adder (D:2)
5 creatures vanquished.

Grand Total: 181 creatures vanquished

Notes
Turn   | Place    | Note
-------+----------+-------------------------------------------
     0 | D:1      | Lavandula the Formicid Artificer began the quest for the Orb.
     0 | D:1      | Reached XP level 1. HP: 15/15 MP: 3/3
   285 | D:1      | Reached XP level 2. HP: 19/22 MP: 4/4
   933 | D:2      | Noticed Robin
   963 | D:2      | Killed Robin
   963 | D:2      | Reached XP level 3. HP: 22/27 MP: 5/5
  1377 | D:2      | Reached XP level 4. HP: 32/33 MP: 6/6
  1614 | D:4      | Noticed Blork the orc
  1908 | D:4      | Reached XP level 5. HP: 7/41 MP: 7/7
  1963 | D:4      | Noticed an orc warrior
  2661 | D:5      | Entered Level 5 of the Dungeon
  2680 | D:5      | Reached skill level 1 in Maces & Flails
  2744 | D:5      | Reached XP level 6. HP: 45/48 MP: 8/8
  2768 | D:5      | Noticed a sky beast
  2781 | D:5      | Killed a sky beast
  2781 | D:5      | Reached skill level 3 in Maces & Flails
  2784 | D:5      | Gained mutation: Your spells are a little harder to cast, but a little more powerful. [mutagenic meat]
  3140 | D:5      | Found an ancient bone altar of Kikubaaqudgha.
  3145 | D:5      | Reached skill level 4 in Maces & Flails
  3145 | D:5      | Reached XP level 7. HP: 46/54 MP: 9/9
  3261 | D:6      | Reached skill level 5 in Maces & Flails
  3309 | D:6      | Found Badal's Armour Emporium.
  3344 | D:6      | Reached skill level 6 in Maces & Flails
  3354 | D:6      | Found a white marble altar of Elyvilon.
  3365 | D:6      | Found a staircase to the Ecumenical Temple.
  3370 | Temple   | Entered the Ecumenical Temple
  3436 | Temple   | Became a worshipper of Hepliaklqana the Forgotten
  3534 | D:6      | Reached XP level 8. HP: 48/54 MP: 10/10
  3785 | D:7      | Reached skill level 7 in Maces & Flails
  3863 | D:7      | Reached * piety under Hepliaklqana
  3983 | D:7      | Reached skill level 8 in Maces & Flails
  4279 | D:8      | Reached skill level 9 in Maces & Flails
  4279 | D:8      | Reached XP level 9. HP: 52/58 MP: 11/11
  4427 | D:8      | Reached skill level 10 in Maces & Flails
  4443 | D:8      | Reached ** piety under Hepliaklqana
  4444 | D:8      | Remembered your ancestor Njabulo as a battlemage
  4630 | D:9      | Found a sparkling altar of Nemelex Xobeh.
  4811 | D:9      | Reached XP level 10. HP: 55/63 MP: 12/12
  4816 | D:9      | Reached skill level 5 in Dodging
  4866 | D:9      | Reached *** piety under Hepliaklqana
  4876 | D:9      | Got a pair of ancient boots
  4882 | D:9      | Identified the +0 pair of boots of Miracles {Str+6} (You found it on level 9 of the Dungeon)
  5005 | D:10     | Entered Level 10 of the Dungeon
  5147 | D:10     | Gained mutation: You have sharp toenails. [mutagenic meat]
  5148 | D:10     | Gained mutation: Scrolls take you a little longer to read. [mutagenic meat]
  5149 | D:10     | Gained mutation: Your magical capacity is low. (-10% MP) [mutagenic meat]
  5151 | D:10     | Gained mutation: Armour fits poorly on your strangely shaped body. [mutagenic meat]
  5209 | D:10     | Found a hazy altar of Hepliaklqana.
  5261 | D:11     | Reached skill level 5 in Fighting
  5293 | D:11     | Found a staircase to the Lair.
  5310 | D:11     | Found a staircase to the Orcish Mines.
  5438 | Orc:1    | Entered Level 1 of the Orcish Mines
  5492 | D:11     | Noticed a gargoyle
  5497 | D:11     | Killed a gargoyle
  5522 | D:11     | Noticed a two-headed ogre
  5531 | D:11     | Noticed a purple ugly thing
  5539 | D:11     | Killed a two-headed ogre
  5539 | D:11     | Reached XP level 11. HP: 13/78 MP: 4/12
  5864 | D:11     | Killed a purple ugly thing
  5867 | D:11     | Gained mutation: Your magical capacity is very low. (-20% MP) [mutagenic meat]
  5947 | D:12     | Reached skill level 1 in Axes
  5955 | D:12     | HP: 2/80 [orc warrior/war axe of chopping (9)]
  5955 | D:12     | Slain by an orc warrior

Vault maps used:
D:1:      saegor_arrival_miasma, okawaru_ov_weapons_minmay
D:2:      serial_co_window_serial, co_window_paths_b,
          co_window_of_opportunity_a, co_window_corner_a, co_window_paths_b,
          co_window_of_opportunity_a, co_window_of_opportunity_a,
          co_window_corner_a, co_window_unsneaky_path_e, co_window_paths_c,
          co_window_corner_b, co_window_unsneaky_path_d, co_window_4corner_b,
          glass_columns_c, glass_columns_a, glass_columns_a, glass_columns_a,
          glass_columns_c, uniq_robin
D:3:      first_bread, minmay_goblin_kobold_house, uniq_ijyb
D:4:      uniq_blork_the_orc
D:5:      basic_altar
D:6:      minmay_temple_entry_trees, basic_altar, serial_shops, shop
D:8:      doesnt_xom_only_xom, grunt_livestock
D:9:      basic_altar
D:10:     basic_altar
D:11:     lair_entry_dummy, orc_0_dummy, serial_glass, glass_columns_c,
          glass_columns_a, fedhas_altar_decomposition
D:12:     trog_ov_bears_minmay
Temple:   roderic_octagonal_lattice_temple
Orc:1:    basic_altar, serial_shops, shop

Skill      XL: |  1  2  3  4  5  6  7  8  9 10 11 |
---------------+----------------------------------+-----
Short Blades   | 2 3 |  3.5
Fighting       | 3 4 8 9 |  9.4
Maces & Flails | 1 4 6 9 10 | 10.9
Dodging        | 4 7 |  7.0
Axes           | 1 |  1.1
Stealth        | |  1.2
Evocations     | |  3.3

Action                   |  1- 3 |  4- 6 |  7- 9 | 10-12 || total
-------------------------+-------+-------+-------+-------++-------
Melee: Short sword       |    17 |       |       |       ||    17
       Dagger            |    95 |    87 |       |       ||   182
       Flail             |       |    61 |   188 |    96 ||   345
       Battleaxe         |       |       |       |    12 ||    12
Throw: Tomahawk          |     2 |     1 |     7 |       ||    10
Invok: Ancestor Life: Ba |       |       |     1 |       ||     1
       Recall Ancestor   |       |       |       |     3 ||     3
 Abil: Dig               |     7 |     8 |     3 |     2 ||    20
Evoke: Wand              |     5 |    13 |     4 |     1 ||    23
  Use: Potion            |       |     2 |       |       ||     2
       Scroll            |       |     4 |    14 |     1 ||    19
 Stab: Sleeping          |     2 |     1 |     2 |     2 ||     7
       Distracted        |       |       |     3 |     5 ||     8
  Eat: Chunk             |     1 |     4 |     3 |     8 ||    16
       Bread ration      |       |     1 |       |       ||     1
       Meat ration       |       |       |     1 |       ||     1
       Royal jelly       |       |       |     1 |       ||     1
Armor: Leather armour    |    15 |    31 |    36 |     1 ||    83
       Skin              |       |    39 |       |       ||    39
       Robe              |       |       |       |     8 ||     8
Dodge: Dodged            |    39 |    79 |   114 |    57 ||   289
       Deflected         |       |       |       |     1 ||     1
